 Dungeon Crawl Stone Soup version 0.31-a0-233-g139696dc86 (webtiles) character file.

Game seed: 7713037712058335054

129 qw the Shooter (level 4, -4/37 HPs)
             Began as a Minotaur Hexslinger on July 7, 2023.
             Succumbed to a goblin's poison
             ... on level 2 of the Dungeon.
             The game lasted 00:00:30 (1386 turns).

qw the Shooter (Minotaur Hexslinger)                Turns: 1386, Time: 00:00:31

Health: -4/37      AC:  2    Str: 12    XL:     4   Next: 88%
Magic:  4/4        EV:  9    Int: 10    God:
Gold:   52         SH:  0    Dex: 15    Spells: 4/5 levels left

rFire   . . .        Y - +1 sling
rCold   . . .        (no shield)
rNeg    . . .        c - +0 robe
rPois   .            (helmet restricted)
rElec   .            (no cloak)
rCorr   .            (no gloves)
SInv    .            (no boots)
Will    .....        (no amulet)
Stlth   +            (no ring)
HPRegen 0.26/turn    (no ring)
MPRegen 0.09/turn

%: no passive effects
@: lethally poisoned (-4 -> -30), constricted
A: horns 2, retaliatory headbutt
a: no special abilities


You were on level 2 of the Dungeon.
You visited 1 branch of the dungeon, and saw 2 of its levels.

You collected 52 gold pieces.


Innate Abilities, Weirdness & Mutations

You have a pair of horns on your head.
You reflexively headbutt those who attack you in melee.


   Skills:
 + Level 2.3 Fighting
 - Level 5.3 Ranged Weapons
 - Level 2.1 Dodging
 - Level 1.0 Spellcasting
 - Level 2.0 Hexes


You had 4 spell levels left.
You knew the following spells:

 Your Spells              Type           Power      Damage    Failure   Level
a - Slow                  Hex            16%        N/A       16%         1

Your spell library contained the following spells:

 Spells                   Type           Power      Damage    Failure   Level
 Inner Flame              Hex/Fire       2%         N/A       56%         3
 Portal Projectile        Hex/Tloc       4%         N/A       56%         3
 Cause Fear               Hex            2%         N/A       83%         4

Inventory:

Hand Weapons
 Y - a +1 sling (weapon)
Armour
 c - a +0 robe (worn)
 h - a +0 ring mail
Jewellery
 a - a +6 ring of dexterity
 b - a +6 ring of strength
Scrolls
 f - 2 scrolls of identify
Potions
 d - a potion of attraction {unknown}
 e - a potion of invisibility {unknown}
 g - a potion of mutation {unknown}
 i - a potion of enlightenment
 j - a potion of brilliance {unknown}

Dungeon Overview and Level Annotations

Branches:
Dungeon (2/15)

Altars:

Annotations:
D:2 1 runed translucent door, Crazy Yiuf


Message History

The adder bites you but does no damage.
You shoot a sling bullet. The sling bullet hits the adder.
The adder is almost dead.
The adder bites you.
You are poisoned.
The adder poisons you! The adder closely misses you.
You shoot a sling bullet. The sling bullet hits the adder!
You kill the adder!
You feel sick. The ball python barely misses you. The ball python grabs you.
The ball python constricts you.
The endoplasm jiggles.
The ball python closely misses you. You furiously retaliate!
You headbutt the ball python. The ball python constricts you.
The goblin hits you but does no damage.
You are more poisoned.
You shoot a sling bullet.
The sling bullet hits the ball python but does no damage.
The ball python is severely wounded.
You feel very sick. The ball python barely misses you.
The ball python constricts you.
The goblin hits you with a +0 dagger of venom.
You are more poisoned.
You shoot a sling bullet.
The sling bullet closely misses the ball python.
You feel very sick. The ball python bites you. The ball python constricts you.
The goblin hits you with a +0 dagger of venom.
You are lethally poisoned!
The ball python bites you. The ball python constricts you.
You shoot a sling bullet.
The sling bullet closely misses the ball python.
You feel very sick. The endoplasm freezes you.
You are frozen.
The goblin hits you with a +0 dagger of venom.
You are more poisoned.
The ball python bites you. The ball python constricts you.
You shoot a sling bullet.
The sling bullet closely misses the ball python.
You die...

#..##...#.%)%####..
#.# #...#..).#
#.###..##....#
#......###.....
#.....## #...#..
#...### #...#...
#.#### ##..# ..
#....#### #.@S....#
#.Jg......
#.$.......
#.###.#### #.# %..
#.# ... #. ...# #.
...


You could see an endoplasm, a goblin and a ball python.

Vanquished Creatures
  A hound (D:2)
  A gnoll (D:2)
  5 adders (D:2)
  A worm (D:2)
  3 ball pythons (D:2)
  7 bats
  5 endoplasms
  5 giant cockroaches
  4 goblins
  2 hobgoblins
  3 kobolds
  6 rats
43 creatures vanquished.

Notes
Turn   | Place    | Note
-------+----------+-------------------------------------------
     0 | D:1      | qw the Minotaur Hexslinger began the quest for the Orb.
     0 | D:1      | Reached XP level 1. HP: 16/16 MP: 1/1
     0 | D:1      | 0 ||| qw: Version: 0.3-a-46-gb1f654a
     0 | D:1      | 0 ||| qw: Game counter: 3053
     0 | D:1      | 0 ||| qw: Melee chars always use a shield: true
     0 | D:1      | 0 ||| qw: God list: Okawaru
     0 | D:1      | 0 ||| qw: Allow faded altars: false
     0 | D:1      | 0 ||| qw: Do Orc after clearing Dungeon:15 true
     0 | D:1      | 0 ||| qw: Do second Lair branch before Depths: true
     0 | D:1      | 0 ||| qw: Lair rune preference: random
     0 | D:1      | 0 ||| qw: Goals: Normal
     0 | D:1      | 0 ||| PLANNING D:1-11
   264 | D:1      | Reached skill level 3 in Ranged Weapons
   264 | D:1      | Reached XP level 2. HP: 17/23 MP: 2/2
   605 | D:1      | 605 ||| READING scroll labelled COATUO UBOUCH.
   606 | D:1      | 606 ||| READING 2 scrolls labelled BINORE KYSOHE.
   607 | D:1      | 607 ||| READING scroll labelled HEUBBOUWIF.
   608 | D:1      | 608 ||| READING scroll labelled SOVUALAC WOSUR.
   609 | D:1      | 609 ||| READING scroll labelled GAOTIPPUA.
   610 | D:1      | 610 ||| DRINKING 2 orange potions.
   611 | D:1      | 611 ||| DROPPING scroll of poison.
   804 | D:2      | Reached XP level 3. HP: 29/29 MP: 3/3
  1067 | D:2      | Reached skill level 4 in Ranged Weapons
  1120 | D:2      | Found a runed translucent door.
  1121 | D:2      | Noticed Crazy Yiuf
  1201 | D:2      | Reached XP level 4. HP: 11/36 MP: 4/4
  1201 | D:2      | HP: 9/36 [rat (2)]
  1206 | D:2      | HP: 3/36 [poisoned by an adder]
  1208 | D:2      | HP: 1/36 [poisoned by an adder]
  1330 | D:2      | Reached skill level 5 in Ranged Weapons
  1385 | D:2      | HP: 7/37 [frozen (5)]
  1385 | D:2      | HP: 3/37 [ball python (1)]
  1386 | D:2      | Succumbed to a goblin's poison

Levels and vault maps discovered:
D:1:      dpeg_arrival_renting, layout_basic
D:2:      minmay_recursive_quarters, layout_loops_corners,
          uniq_crazy_yiuf_cottage

Skill      XL: |  1  2  3  4 |
---------------+-------------+-----
Ranged Weapons | 3 4 5 |  5.3
Fighting       | 2 |  2.3
Dodging        | |  2.1
Spellcasting   | |  1.0
Hexes          | |  2.0

Action                     |  1- 3 |  4- 6 || total
---------------------------+-------+-------++-------
   Fire: Sling             |   100 |    24 ||   124
    Use: Scroll            |     5 |       ||     5
         Potion            |     1 |       ||     1
 Armour: Robe              |     9 |     4 ||    13
  Dodge: Dodged            |    26 |    20 ||    46

Table legend:
 A = Non-vault XP
 B = Vault XP
 C = Vault XP percentage of total XP
 D = Non-vault monster count
 E = Vault monster count
 F = Vault count percentage of total count
                 A         B        C        D         E       F
            +---------+---------+-------+---------+---------+-------
      Total |     126 |      59 |  31.9 |      34 |       9 |  20.9
            +---------+---------+-------+---------+---------+-------
        D:1 |      30 |       0 |   0.0 |      17 |       0 |   0.0
        D:2 |      96 |      59 |  38.1 |      17 |       9 |  34.6
            +---------+---------+-------+---------+---------+-------
